 Dungeon Crawl Stone Soup version 0.19.5 (webtiles) character file.

22440 Mesmaeker13 the Fighter (level 13, -6/145 HPs)
             Began as an Ogre Berserker on Mar 30, 2017.
             Was a High Priest of Trog.
             Mangled by an eight-headed hydra (16 damage)
             ... on level 10 of the Dungeon.
             The game lasted 00:35:18 (19177 turns).

Mesmaeker13 the Fighter (Ogre Berserker)           Turns: 19177, Time: 00:35:19

Health: -6/145     AC: 14    Str: 26    XL:     13   Next: 0%
Magic:  0/16       EV: 15    Int:  7    God:    Trog [*****.]
Gold:   791        SH:  4    Dex: 13    Spells: 0 memorised, 12 levels left

rFire  + . .     SeeInvis .     A - +4 flail (protect)
rCold  + . .     Gourm    .     a - +2 robe {MR+}
rNeg   . . .     Faith    .     (no shield)
rPois  .         Spirit   +     p - +2 hat {Spirit}
rElec  .         Reflect  .     (no cloak)
rCorr  .         Harm     .     (gloves unavailable)
MR     ++...     Rnd*Rage +     (boots unavailable)
Stlth  +.........               (no amulet)
                                P - ring of protection from cold
                                M - ring of protection from fire

@: protection aura
A: unfitting armour, large bone plates 1, agile 2, berserk 1, low mp 1, mutation
resistance 1, tough skin 1, weak 1, wild magic 1
a: Berserk, Trog's Hand, Brothers in Arms, Burn Spellbooks, Renounce Religion


You were on level 10 of the Dungeon.
You worshipped Trog.
Trog was extremely pleased with you.
You were not hungry.

You visited 3 branches of the dungeon, and saw 15 of its levels.

You collected 859 gold pieces.
You spent 68 gold pieces at shops.

Inventory:

Hand Weapons
 A - a +4 flail of protection (weapon)
 L - a +4 blowgun
 W - a +4 morningstar
Missiles
 d - 47 poisoned needles
 B - 5 large rocks (quivered)
 E - 11 needles of paralysis
 G - 15 javelins
 K - a throwing net
Armour
 a - a +2 robe of magic resistance (worn)
 p - a +2 hat of spirit shield (worn)
 S - a +1 robe of fire resistance
Jewellery
 M - a ring of protection from fire (left hand)
 P - a ring of protection from cold (right hand)
 T - an uncursed ring of stealth
 V - an uncursed ring of magical power {unknown}
 X - a cursed -2 ring of intelligence {unknown}
Wands
 u - a wand of paralysis (3/24)
 y - a wand of teleportation (1/9)
 O - a wand of disintegration (8/24)
 Q - a wand of lightning (3/15)
Scrolls
 g - 2 scrolls of fear
 j - a scroll of random uselessness {unknown}
 m - 3 scrolls of teleportation
 n - 7 scrolls of immolation
 o - 3 scrolls of enchant armour
 q - 2 scrolls of blinking
 s - 4 scrolls of recharging
 w - a scroll of enchant weapon
 H - a scroll of holy word
Potions
 b - a potion of ambrosia {unknown}
 h - 4 potions of flight
 i - 4 potions of might
 l - 2 potions of resistance
 r - 3 potions of haste
 t - 3 potions of brilliance
 x - 4 potions of agility
 z - 3 potions of heal wounds
 F - 3 potions of curing
 R - a potion of mutation
 Y - a potion of berserk rage {unknown}
Books
 k - a book of Spatial Translocations

   Spells                             Type                      Level
   a - Blink                          Translocation                2
   b - Shroud of Golubria             Charms/Translocation         2
   c - Lesser Beckoning               Translocation                3
   d - Portal Projectile              Translocation                3
   e - Teleport Other                 Translocation                3
   f - Passage of Golubria            Translocation                4
   Trog disapproves of the use of such an item.
 I - a book of Frost

   Spells                             Type                      Level
   a - Freeze                         Ice                          1
   b - Throw Frost                    Conjuration/Ice              2
   c - Ozocubu's Armour               Charms/Ice                   3
   d - Throw Icicle                   Conjuration/Ice              4
   e - Summon Ice Beast               Ice/Summoning                4
   Trog disapproves of the use of such an item.
 N - a book of Minor Magic

   Spells                             Type                      Level
   a - Magic Dart                     Conjuration                  1
   b - Blink                          Translocation                2
   c - Call Imp                       Summoning                    2
   d - Repel Missiles                 Charms/Air                   2
   e - Slow                           Hexes                        2
   f - Conjure Flame                  Conjuration/Fire             3
   g - Mephitic Cloud                 Conjuration/Poison/Air       3
   Trog disapproves of the use of such an item.
Miscellaneous
 J - a phial of floods
Comestibles
 c - 4 bread rations
 f - 7 meat rations
 v - 23 fruits
 C - 8 slices of pizza
 D - 2 beef jerkies
 U - 17 chunks of flesh


   Skills:
 + Level 13.9 Fighting
 + Level 13.8 Maces & Flails
 + Level 5.7 Throwing
 + Level 10.4 Dodging
 + Level 7.5 Evocations


You had 12 spell levels left.
You didn't know any spells.

Dungeon Overview and Level Annotations

Branches:
Dungeon (13/15)            Temple (1/1) D:5            Lair (1/6) D:10
    Orc (0/2) D:12
 Vaults: D:13-14

Altars:
Ashenzari
Cheibriados
Dithmenos
Elyvilon
Fedhas
Gozag
Hepliaklqana
Kikubaaqudgha
Makhleb
Nemelex Xobeh
Okawaru
Qazlal
Ru
Sif Muna
Trog
Uskayaw
Vehumet
Xom
Yredelemnul
Zin
The Shining One
Beogh

Shops:
D:5 (   D:13 %((?

Portals:
Trove: D:12 (give +4 demon whip)

Annotations:
D:7 exclusion: oklob plant
D:12 4 runed doors


Innate Abilities, Weirdness & Mutations

You are too large for most types of armour.
You have tough skin. (AC +1)
You are partially covered in large bone plates. (SH +4)
You are very agile. (Dex +4)
You tend to lose your temper in combat.
Your magical capacity is low. (-10% MP)
You are somewhat resistant to further mutation.
You are weak. (Str -2)
Your spells are a little harder to cast, but a little more powerful.


Message History

The eight-headed hydra closely misses you.
The eight-headed hydra bites you!
* * * LOW HITPOINT WARNING * * *
The eight-headed hydra bites you!
* * * LOW HITPOINT WARNING * * *
The eight-headed hydra barely misses you.
The eight-headed hydra bites you!
* * * LOW HITPOINT WARNING * * *
The eight-headed hydra closely misses you.
The eight-headed hydra bites you but does no damage.
Evoke which item? (* to show all) (? for menu, Esc to quit)
Zapping:
u - a wand of paralysis (4/24)
Press: ? - help, Shift-Dir - straight line, f/p - eight-headed hydra
Aim: an eight-headed hydra (heavily wounded, chance to defeat MR: 27%)
The eight-headed hydra easily resists.
This wand has 3 charges left.
The eight-headed hydra closely misses you. x2
The eight-headed hydra bites you.
* * * LOW HITPOINT WARNING * * *
The eight-headed hydra bites you!!
You die...

#..........................(...
#...####.##.##.##.###.....#.#<#
##..# #.##.##.##.# ##....#.#.#
#..# #.##....#..###.......#.#
#..# #..................###.#
#..# #..............######..#
#..####..............# #.##
#....................## #.#
#..###..(....@........# #.#
#..# ##.......D.......# #.#
#..# #...............# #.##
#..# #...............# #...
#..# #...............# ####
#..# #######.#####...#### #..#
#####............#
#..######.......###.####.#
#...............# #.# #.#


You could see an eight-headed hydra.

Vanquished Creatures
  Gastronok (D:8)
  3 hydras
  2 death knights (D:13)
  A centaur warrior (D:13)
  A tengu warrior (D:13)
  Nergalle (D:11)
  Sonja (D:11)
  A hill giant (D:10)
  A deep elf mage (D:13)
  2 ugly things
  Joseph (D:7)
  2 manticores
  2 gargoyles (D:13)
  A komodo dragon (D:9)
  An efreet (D:13)
  A hornet (D:9)
  2 trolls
  Grinder (D:6)
  A hippogriff (D:7)
  2 dream sheep (D:11)
  A meliai zombie (D:11)
  12 yaks
  3 hungry ghosts
  3 vampire mosquitoes (D:13)
  Edmund (D:5)
  Menkaure (D:6)
  A mottled dragon (D:13)
  2 black bears
  6 orc warriors
  4 ice beasts
  2 sky beasts
  An eye of draining (D:13)
  A phantom (D:4)
  2 necrophages
  4 ogres
  6 centaurs
  6 big kobolds
  Blork the orc (D:6)
  5 crocodiles
  7 bullfrogs
  A scorpion (D:11)
  8 killer bees
  2 water moccasin skeletons
  7 wights
  2 howler monkeys
  12 jellies
  11 crimson imps
  3 hounds
  4 orc priests
  9 orc wizards
  3 bullfrog skeletons
  8 iguanas
  Terence (D:2)
  A hell rat (D:10)
  13 worker ants
  A hound zombie (D:7)
  2 hound skeletons
  3 gnolls (D:6)
  14 adders
  3 shadow imps
  18 oozes
  An adder zombie (D:7)
  An adder skeleton (D:9)
  4 worms
  5 dart slugs
  11 leopard geckos
  39 orcs
  3 ball pythons (D:3)
  8 bats
  7 giant cockroaches
  8 goblins
  6 hobgoblins
  6 jackals
  4 quokkas
  5 frilled lizards
  25 kobolds
  A leopard gecko zombie (D:7)
  A quokka zombie (D:6)
  10 rats
368 creatures vanquished.

Vanquished Creatures (others)
  3 fungi (D:7)
3 creatures vanquished.

Grand Total: 371 creatures vanquished

Notes
Turn   | Place    | Note
-------+----------+-------------------------------------------
     0 | D:1      | Mesmaeker13 the Ogre Berserker began the quest for the Orb.
     0 | D:1      | Reached XP level 1. HP: 24/24 MP: 1/1
   166 | D:1      | Reached XP level 2. HP: 23/32 MP: 2/2
   815 | D:1      | Reached XP level 3. HP: 22/40 MP: 3/3
  1469 | D:2      | Noticed Terence
  1494 | D:2      | Killed Terence
  1494 | D:2      | Reached skill level 5 in Fighting
  1494 | D:2      | Reached XP level 4. HP: 32/50 MP: 4/4
  1671 | D:2      | Reached ** piety under Trog
  1875 | D:2      | Reached skill level 5 in Maces & Flails
  1975 | D:2      | Reached XP level 5. HP: 47/57 MP: 5/5
  3634 | D:4      | Noticed a phantom
  3678 | D:4      | Killed a phantom
  3678 | D:4      | Reached XP level 6. HP: 14/67 MP: 6/6
  4079 | D:4      | Found a sacrificial altar of Ru.
  4252 | D:5      | Entered Level 5 of the Dungeon
  4541 | D:5      | Found Gyleh's Weapon Shoppe.
  5020 | D:4      | Reached XP level 7. HP: 76/76 MP: 7/7
  5175 | D:4      | Found a roughly hewn altar of Beogh.
  5192 | D:4      | Reached *** piety under Trog
  5192 | D:4      | Reached skill level 5 in Dodging
  5995 | D:5      | Found a staircase to the Ecumenical Temple.
  6012 | Temple   | Entered the Ecumenical Temple
  6392 | D:6      | Noticed Menkaure
  6604 | D:6      | Noticed Grinder
  7058 | D:6      | Noticed Edmund
  7086 | D:5      | Killed Edmund
  7086 | D:5      | Reached skill level 1 in Evocations
  7119 | D:6      | Reached XP level 8. HP: 88/88 MP: 8/8
  7384 | D:6      | Killed Grinder
  7401 | D:6      | Killed Menkaure
  7689 | D:6      | Noticed Blork the orc
  7694 | D:6      | Killed Blork the orc
  7836 | D:7      | Reached XP level 9. HP: 77/96 MP: 11/11
  8252 | D:7      | Reached **** piety under Trog
  8478 | D:7      | Noticed Joseph
  8555 | D:7      | Killed Joseph
  8615 | D:7      | Found an iron altar of Okawaru.
  8861 | D:7      | Noticed an oklob plant
  9162 | D:7      | Reached skill level 10 in Fighting
  9634 | D:7      | Reached skill level 10 in Maces & Flails
  9634 | D:7      | Reached XP level 10. HP: 95/109 MP: 13/13
 10254 | D:8      | Noticed Gastronok
 10817 | D:8      | Reached skill level 5 in Evocations
 10822 | D:8      | Reached ***** piety under Trog
 10844 | D:8      | You fall through a shaft!
 11199 | D:8      | Found a glowing golden altar of the Shining One.
 11212 | D:8      | Found an opulent altar of Gozag.
 12256 | D:8      | Gained mutation: You are partially covered in large bone plates. (SH +4) [potion of mutation]
 12256 | D:8      | Gained mutation: Your magical capacity is low. (-10% MP) [potion of mutation]
 12256 | D:8      | Gained mutation: You are agile. (Dex +2) [potion of mutation]
 12257 | D:8      | Gained mutation: You are very agile. (Dex +4) [potion of mutation]
 12257 | D:8      | Gained mutation: You tend to lose your temper in combat. [potion of mutation]
 12257 | D:8      | Gained mutation: Your spells are a little harder to cast, but a little more powerful. [potion of mutation]
 12258 | D:8      | Gained mutation: You are somewhat resistant to further mutation. [potion of mutation]
 12258 | D:8      | Gained mutation: You are weak. (Str -2) [potion of mutation]
 12286 | D:8      | Killed Gastronok
 12286 | D:8      | Reached XP level 11. HP: 78/123 MP: 12/13
 12623 | D:9      | Received a gift from Trog
 13458 | D:10     | Entered Level 10 of the Dungeon
 13469 | D:10     | Found a staircase to the Lair.
 13914 | D:10     | Noticed a hill giant
 13926 | D:10     | Killed a hill giant
 14442 | D:11     | Noticed Sonja
 14449 | D:11     | Killed Sonja
 14449 | D:11     | Reached skill level 1 in Throwing
 14549 | D:11     | Noticed a manticore
 14564 | D:11     | Killed a manticore
 14886 | D:11     | Noticed a three-headed hydra
 14894 | D:11     | Killed a three-headed hydra
 15005 | D:11     | Noticed Nergalle
 15022 | D:11     | Killed Nergalle
 15264 | D:11     | Reached XP level 12. HP: 131/133 MP: 13/15
 15657 | D:12     | Found a runed door.
 15856 | D:12     | Found a runed door.
 15867 | D:12     | Found a runed door.
 15877 | D:12     | Found a runed door.
 16005 | D:12     | Found a portal to a secret trove of treasure.
 16121 | D:12     | Found a staircase to the Orcish Mines.
 16199 | D:12     | Noticed a six-headed hydra
 16213 | D:12     | Killed a six-headed hydra
 16707 | D:13     | Found Olefrebe's Antique Weapon Shoppe.
 16712 | D:13     | Noticed a death knight
 16732 | D:13     | Killed a death knight
 16912 | D:13     | Received a gift from Trog
 16924 | D:13     | Noticed a centaur warrior
 16947 | D:13     | Killed a centaur warrior
 16947 | D:13     | Reached skill level 10 in Dodging
 17145 | D:13     | Noticed a death knight
 17311 | D:13     | Found Zeerinevia's Magic Scroll Shoppe.
 17331 | D:13     | Bought a scroll of identify for 34 gold pieces
 17331 | D:13     | Bought a scroll of identify for 34 gold pieces
 17408 | D:13     | Killed a death knight
 17912 | D:13     | Found Acysoo's Weapon Shoppe.
 17950 | D:13     | Reached skill level 5 in Throwing
 18250 | D:13     | Noticed a tengu warrior
 18259 | D:13     | Killed a tengu warrior
 18437 | D:13     | Received a gift from Trog
 18557 | D:13     | Found Efoculon's Food Emporium.
 19012 | Lair:1   | Entered Level 1 of the Lair of Beasts
 19042 | Lair:1   | Noticed a seven-headed hydra
 19052 | Lair:1   | Killed a seven-headed hydra
 19132 | Lair:1   | Reached XP level 13. HP: 120/145 MP: 12/16
 19177 | D:10     | Mangled by an eight-headed hydra

Skill      XL: |  1  2  3  4  5  6  7  8  9 10 11 12 |
---------------+-------------------------------------+-----
Dodging        | 3 4 5 6 7 8 9 10 | 10.4
Fighting       | 5 6 7 8 10 11 12 13 | 13.9
Maces & Flails | 5 6 7 8 10 11 12 13 | 13.8
Evocations     | 1 2 4 5 6 7 |  7.5
Throwing       | 3 5 |  5.7

Action                   |  1- 3 |  4- 6 |  7- 9 | 10-12 | 13-15 || total
-------------------------+-------+-------+-------+-------+-------++-------
Melee: Mace              |   117 |   221 |       |       |       ||   338
       Morningstar       |       |    20 |    60 |     6 |       ||    86
       Flail             |       |       |   251 |   785 |     1 ||  1037
 Fire: Blowgun           |       |       |       |     4 |       ||     4
Throw: Stone             |     7 |     5 |       |       |       ||    12
       Javelin           |       |       |       |     6 |       ||     6
       Throwing net      |       |       |       |     1 |       ||     1
       Large rock        |       |       |       |     3 |     2 ||     5
Evoke: Wand              |       |       |    11 |    41 |     4 ||    56
  Use: Potion            |     4 |       |     1 |     5 |       ||    10
       Scroll            |     3 |     6 |     4 |    11 |       ||    24
 Stab: Paralysed         |       |       |    16 |    35 |       ||    51
       Sleeping          |       |       |       |     1 |       ||     1
  Eat: Chunk             |     2 |    11 |    14 |    24 |       ||    51
       Bread ration      |       |       |     1 |     2 |       ||     3
       Fruit             |       |       |       |     1 |       ||     1
Armor: Animal skin       |    47 |    50 |       |       |       ||    97
       Robe              |       |       |   116 |   179 |    11 ||   306
Dodge: Dodged            |    57 |   146 |   158 |   399 |    22 ||   782
Block: Other             |       |       |       |    80 |     3 ||    83
